 Dungeon Crawl Stone Soup version 0.31-a0-175-g9f7f995f2b (webtiles) character file.

Game seed: 9603443437030452705

773 qw the Skirmisher (level 7, -1/44 HPs)
             Began as a Gargoyle Hunter on June 16, 2023.
             Was an Initiate of Okawaru.
             Slain by Pikel
             ... wielding a +0 whip of freezing
              (4 damage)
             ... on level 5 of the Dungeon.
             The game lasted 00:01:23 (3018 turns).

qw the Skirmisher (Gargoyle Hunter)                 Turns: 3018, Time: 00:01:24

Health: -1/44      AC: 10    Str: 15    XL:     7   Next: 83%
Magic:  7/7        EV: 11    Int:  9    God:    Okawaru [......]
Gold:   158        SH:  0    Dex: 15    Spells: 6/6 levels left

rFire   . . .        k - +2 arbalest (freeze)
rCold   . . .        (shield currently unavailable)
rNeg    + . .        f - +0 ring mail
rPois   inf          (no helmet)
rElec   +            (no cloak)
rCorr   .            (no gloves)
SInv    .            (no boots)
Will    .....        (no amulet)
Stlth   +            (no ring)
HPRegen 0.27/turn    (no ring)
MPRegen 0.10/turn

%: no passive effects
@: no status effects
A: sickness immunity, AC +4, negative energy resistance 1, electricity
resistance, torment resistance 1, petrification resistance
a: Renounce Religion


You were on level 5 of the Dungeon.
You worshipped Okawaru.
Okawaru was noncommittal.
You visited 1 branch of the dungeon, and saw 5 of its levels.

You collected 182 gold pieces.
You spent 24 gold pieces at shops.


Innate Abilities, Weirdness & Mutations

You are immune to sickness and miasma.
Your stone body is resilient. (AC +4)
You are immune to poison.
You resist negative energy. (rN+)
You are resistant to electric shocks. (rElec)
You are resistant to unholy torment.
You are immune to petrification.


   Skills:
 - Level 5.0 Fighting
 + Level 8.1 Ranged Weapons
 - Level 1.3 Armour
 - Level 2.0 Dodging
 - Level 1.1 Stealth


You had 6 spell levels left.
You didn't know any spells.
Your spell library was empty.

Inventory:

Hand Weapons
 k - a +2 arbalest of freezing (weapon)
Armour
 f - a +0 ring mail (worn)
Wands
 c - a wand of digging (2)
Scrolls
 b - a scroll of teleportation
 h - a scroll of identify
Potions
 a - a potion of degeneration {unknown}
 d - a potion of mutation
 e - a potion of berserk rage {unknown}
 g - 3 potions of curing
 i - a potion of cancellation {unknown}
 j - a potion of invisibility {unknown}
 l - a potion of lignification {unknown}
 m - a potion of heal wounds {unknown}

Dungeon Overview and Level Annotations

Branches:
Dungeon (5/15)
 Temple: D:4-7

Altars:
Ashenzari
Cheibriados
Nemelex Xobeh
Okawaru
Qazlal
Ru
Vehumet
Wu Jian
Yredelemnul

Shops:
D:1 *

Annotations:
D:5 Pikel


Message History

You shoot a bolt. The bolt hits Pikel.
The bolt freezes Pikel.
Pikel is lightly wounded.
You shoot a bolt. The bolt misses the lemure.
You shoot a bolt. The bolt hits the lemure!
The bolt freezes the lemure.
The lemure is severely wounded.
The lemure closely misses you. The lemure hits you but does no damage.
You shoot a bolt. The bolt closely misses the lemure.
The lemure hits you but does no damage. Pikel hits you but does no damage.
The lemure hits you. Pikel completely misses you.
You shoot a bolt. The bolt hits the lemure!
The bolt freezes the lemure.
You kill the lemure!
That felt strangely unrewarding.
You hear a shout!
A lemure comes into view. x2
Pikel hits you with a +0 whip of freezing!
Pikel freezes you.
You shoot a bolt. The bolt hits Pikel but does no damage.
Pikel is lightly wounded.
The lemure hits you.
Pikel hits you with a +0 whip of freezing.
Pikel freezes you. The lemure barely misses you.
Pikel hits you but does no damage.
You shoot a bolt. The bolt closely misses Pikel.
Pikel says, "I touched Geryon's horn once."
Pikel hits you with a +0 whip of freezing.
Pikel freezes you. The lemure closely misses you.
You shoot a bolt. The bolt hits Pikel!
The bolt freezes Pikel.
Pikel is moderately wounded.
The lemure hits you but does no damage. The lemure hits you.
The lemure barely misses you. Pikel completely misses you.
The lemure hits you but does no damage.
Pikel hits you with a +0 whip of freezing.
Pikel freezes you.
The lemure hits you but does no damage. x2
You shoot a bolt. The bolt closely misses Pikel.
The lemure hits you. The lemure hits you! The lemure barely misses you.
Pikel hits you with a +0 whip of freezing.
Pikel freezes you.
Pikel says, "All the demons know me.
They respect me."
Pikel hits you with a +0 whip of freezing.
You die...

.# .# #######
.>......# .
.#.....# #. ......#
#.# #.....# ..
#..##K55.# .
###...5@.# .
#....#.### .
#...#.#..### #
#..##.#....#
######.#...#......#
.........#.#..#...#
<.##..............#
#####.###......%..#
............#..####


You could see Pikel and 3 lemures.

Vanquished Creatures
  Grinder (D:3)
  An ogre (D:4)
  A lemure (D:5)
  A scorpion (D:4)
  A jelly (D:4)
  4 hounds
  Jessica (D:2)
  Ijyb (D:3)
  Terence (D:3)
  An orc wizard (D:4)
  8 adders
  A white imp (D:5)
  An ufetubus (D:4)
  A worm (D:3)
  3 dart slugs
  7 orcs
  11 ball pythons
  4 bats
  8 endoplasms
  6 giant cockroaches
  7 goblins
  4 hobgoblins
  2 jackals (D:4)
  10 kobolds
  2 quokkas
  2 frilled lizards
  7 rats
97 creatures vanquished.

Notes
Turn   | Place    | Note
-------+----------+-------------------------------------------
     0 | D:1      | qw the Gargoyle Hunter began the quest for the Orb.
     0 | D:1      | Reached XP level 1. HP: 12/12 MP: 1/1
     0 | D:1      | 0 ||| qw: Version: 0.2-a-29-g511e9b1
     0 | D:1      | 0 ||| qw: Game counter: 36
     0 | D:1      | 0 ||| qw: Always use a shield: true
     0 | D:1      | 0 ||| qw: God list: Okawaru
     0 | D:1      | 0 ||| qw: Allow faded altars: false
     0 | D:1      | 0 ||| qw: Do Orc after D:15 true
     0 | D:1      | 0 ||| qw: Do second Lair branch before Depths: true
     0 | D:1      | 0 ||| qw: Lair rune preference: random
     0 | D:1      | 0 ||| qw: Plans: Normal, Zot:1-4, Slime:5, God:TSO, Crypt,
                  | Tomb, Abyss, Pan, Hells, Win
     0 | D:1      | 0 ||| PLANNING D:1-11
   130 | D:1      | Reached XP level 2. HP: 17/17 MP: 2/2
   174 | D:1      | Found Soeduf's General Store.
   185 | D:1      | 185 ||| SHOPLISTING potion of mutation (96 gold, have 34).
   185 | D:1      | 185 ||| SHOPLISTING scroll of enchant weapon (90 gold, have
                  | 34).
   185 | D:1      | 185 ||| BUYING scroll of identify (24 gold).
   185 | D:1      | Bought a scroll of identify for 24 gold pieces
   185 | D:1      | 185 ||| SHOPLISTING scroll of identify (24 gold, have 10).
   441 | D:1      | Reached XP level 3. HP: 21/21 MP: 3/3
   668 | D:1      | 668 ||| UPGRADING to +0 ring mail.
   678 | D:1      | 678 ||| DROPPING +0 leather armour.
   679 | D:1      | 679 ||| READING scroll labelled ONGUEL KEJIL.
   683 | D:1      | 683 ||| READING scroll labelled BANKOYFYIL.
   784 | D:1      | 784 ||| READING 3 scrolls of identify.
   784 | D:1      | 784 ||| IDENTIFYING murky dark potion
   785 | D:1      | 785 ||| READING 2 scrolls of identify.
   785 | D:1      | 785 ||| IDENTIFYING blue potion
   786 | D:1      | 786 ||| DROPPING scroll of butterflies.
   787 | D:1      | 787 ||| DROPPING potion of enlightenment.
   882 | D:2      | Noticed Jessica
   897 | D:2      | Reached skill level 1 in Armour
   899 | D:2      | Killed Jessica
   900 | D:2      | Reached skill level 5 in Ranged Weapons
   900 | D:2      | Reached XP level 4. HP: 21/26 MP: 4/4
  1196 | D:2      | Identified the +1 scale mail "Emuoni" {rCorr}
  1224 | D:2      | Reached skill level 3 in Fighting
  1349 | D:2      | 1349 ||| READING scroll labelled DAQONA WATIG.
  1350 | D:2      | 1350 ||| READING scroll labelled DAPSYA NIJA.
  1351 | D:2      | 1351 ||| READING scroll labelled WEVESTOA BADYZ.
  1352 | D:2      | 1352 ||| READING scroll labelled ZENEIL QAOFRAI.
  1366 | D:3      | 1366 ||| STAIRDANCE
  1370 | D:2      | HP: 7/28 [orc/+0 hand axe (3)]
  1371 | D:2      | 1371 ||| READING scroll of teleportation.
  1464 | D:3      | Noticed Grinder
  1478 | D:3      | Killed Grinder
  1479 | D:3      | Reached skill level 7 in Ranged Weapons
  1479 | D:3      | Reached XP level 5. HP: 22/32 MP: 5/5
  1479 | D:3      | Reached XP level 6. HP: 26/37 MP: 6/6
  1493 | D:3      | 1493 ||| FLEEEEING.
  1494 | D:3      | 1494 ||| FLEEEEING.
  1495 | D:3      | 1495 ||| FLEEEEING.
  1497 | D:3      | 1497 ||| STAIRDANCE
  1563 | D:3      | Noticed Terence
  1580 | D:3      | Killed Terence
  1997 | D:3      | Noticed Ijyb
  2007 | D:3      | Killed Ijyb
  2362 | D:3      | 2362 ||| READING scroll labelled HUON BATTUNEAN.
  2363 | D:3      | 2363 ||| READING scroll labelled CEOLEUW FAHEXINK.
  2363 | D:3      | Identified a scroll of acquirement
  2363 | D:3      | 2363 ||| ACQUIRING +2 arbalest of freezing
  2363 | D:3      | Acquired a +2 arbalest of freezing
  2365 | D:3      | 2365 ||| UPGRADING to +2 arbalest of freezing.
  2366 | D:3      | 2366 ||| DROPPING +1 shortbow.
  2367 | D:3      | 2367 ||| DRINKING 2 lumpy orange potions.
  2368 | D:3      | 2368 ||| DROPPING potion of brilliance.
  2393 | D:4      | Reached XP level 7. HP: 42/43 MP: 7/7
  2394 | D:4      | 2394 ||| STAIRDANCE
  2539 | D:4      | Found a sparkling altar of Nemelex Xobeh.
  2539 | D:4      | Found an ornate altar of the Wu Jian Council.
  2539 | D:4      | Found a basalt altar of Yredelemnul.
  2542 | D:4      | Found a radiant altar of Vehumet.
  2542 | D:4      | Found a snail-covered altar of Cheibriados.
  2542 | D:4      | Found a sacrificial altar of Ru.
  2545 | D:4      | Found a stormy altar of Qazlal.
  2545 | D:4      | Found an iron altar of Okawaru.
  2545 | D:4      | Found a broken altar of Ashenzari.
  2546 | D:4      | 2546 ||| PLANNING OKAWARU WORSHIP
  2546 | D:4      | 2546 ||| READING 2 scrolls of identify.
  2546 | D:4      | 2546 ||| IDENTIFYING metallic green potion
  2554 | D:4      | Became a worshipper of Warmaster Okawaru
  2555 | D:4      | 2555 ||| PLANNING D:1-11
  2583 | D:4      | Reached skill level 8 in Ranged Weapons
  2930 | D:4      | 2930 ||| DROPPING ring of flight.
  2945 | D:5      | Entered Level 5 of the Dungeon
  3008 | D:5      | Noticed Pikel
  3018 | D:5      | HP: 10/44 [lemure[Pikel] (7)]
  3018 | D:5      | HP: 4/44 [Pikel/+0 whip of freezing (6)]
  3018 | D:5      | Slain by Pikel

Levels and vault maps discovered:
D:1:      minmay_arrival_five_plusses, layout_basic, serial_shops,
          nicolae_shop_peninsula, minmay_pentomino_w4
D:2:      layout_basic, uniq_jessica
D:3:      layout_loops_corners, uniq_ijyb, uniq_grinder, uniq_terence
D:4:      layout_rooms, nicolae_overflows_in_rows
D:5:      layout_rooms, biasface_ghost_orc_armoury, grunt_tough_drop, uniq_pikel

Skill      XL: |  1  2  3  4  5  6  7 |
---------------+----------------------+-----
Armour         | 1 |  1.3
Ranged Weapons | 5 7 8 |  8.1
Fighting       | 3 4 5 |  5.0
Dodging        | 2 |  2.0
Stealth        | |  1.1

Action                     |  1- 3 |  4- 6 |  7- 9 || total
---------------------------+-------+-------+-------++-------
   Fire: Shortbow          |    85 |   150 |       ||   235
         Arbalest          |       |     6 |    88 ||    94
    Use: Scroll            |     4 |     7 |     1 ||    12
         Potion            |       |     1 |       ||     1
 Armour: Leather armour    |     6 |       |       ||     6
         Ring mail         |    13 |    42 |    63 ||   118
  Dodge: Dodged            |    34 |    71 |    57 ||   162

Table legend:
 A = Non-vault XP
 B = Vault XP
 C = Vault XP percentage of total XP
 D = Non-vault monster count
 E = Vault monster count
 F = Vault count percentage of total count
                 A         B        C        D         E       F
            +---------+---------+-------+---------+---------+-------
      Total |     703 |     402 |  36.4 |      85 |      11 |  11.5
            +---------+---------+-------+---------+---------+-------
        D:1 |      24 |      12 |  33.3 |      15 |       7 |  31.8
        D:2 |      68 |      37 |  35.2 |      19 |       1 |   5.0
        D:3 |      81 |     353 |  81.3 |      22 |       3 |  12.0
        D:4 |     393 |       0 |   0.0 |      25 |       0 |   0.0
        D:5 |     137 |       0 |   0.0 |       4 |       0 |   0.0
            +---------+---------+-------+---------+---------+-------
